 Dungeon Crawl Stone Soup version 0.30-a0-808-g6e0788376e (webtiles) character file.

Game seed: 4093896083026340449

210 cforsyth the Sneak (level 6, -4/38 HPs)
             Began as a Kobold Brigand on Feb 25, 2023.
             Splashed by a jelly's acid (8 damage)
             ... on level 6 of the Dungeon.
             The game lasted 00:04:07 (2784 turns).

cforsyth the Sneak (Kobold Brigand)                 Turns: 2784, Time: 00:04:07

Health: -4/38      AC: -21   Str:  8    XL:     6   Next: 12%
Magic:  6/6        EV: 16    Int: 12    God:
Gold:   133        SH:  0    Dex: 19    Spells: 5/5 levels left

rFire   . . .      SeeInvis .    a - +2 dagger
rCold   . . .      Faith    .    (no shield)
rNeg    . . .      Spirit   .    b - +0 robe
rPois   .          Reflect  .    (no helmet)
rElec   .          Harm     .    c - +0 cloak
rCorr   .          Rampage  .    (no gloves)
Will    .....                    (no boots)
Stlth   +++++                    (no amulet)
HPRegen 0.26/turn                (no ring)
MPRegen 0.10/turn                (no ring)

@: corroded
A: small, no large weapons, nightstalker 3
a: no special abilities


You were on level 6 of the Dungeon.
You visited 1 branch of the dungeon, and saw 6 of its levels.

You collected 147 gold pieces.
You spent 14 gold pieces at shops.

Inventory:

Hand Weapons
 a - a +2 dagger (weapon)
Missiles
 d - 20 poisoned darts (quivered)
 e - 3 curare-tipped darts
 l - 2 throwing nets
Armour
 b - a +0 robe (worn)
 c - a +0 cloak (worn)
Wands
 q - a wand of digging (4)
Scrolls
 g - a scroll of vulnerability {unknown}
 h - 3 scrolls of identify {unknown}
 i - a scroll of enchant armour {unknown}
 r - a scroll of blinking {unknown}
 s - a scroll of silence {unknown}
 t - a scroll of torment {unknown}
Potions
 f - 2 potions of invisibility {unknown}
 k - a potion of curing {unknown}
 m - 2 potions of heal wounds {unknown}
 n - a potion of brilliance {unknown}
 o - 2 potions of degeneration
 p - a potion of berserk rage {unknown}


   Skills:
 + Level 3.7 Fighting
 + Level 4.5 Short Blades
 - Level 2.1 Throwing
 + Level 3.4 Dodging
 + Level 6.6 Stealth


You had 5 spell levels left.
You didn't know any spells.
Your spell library contained the following spells:

 Spells                   Type           Power      Damage    Failure   Level
 Ensorcelled Hibernation  Hex/Ice        0%         N/A       45%         2
 Passwall                 Tmut/Erth      0%         N/A       45%         2
 Swiftness                Air            0%         N/A       69%         3


Dungeon Overview and Level Annotations

Branches:
Dungeon (7/15)
 Temple: D:4-7

Altars:
Sif Muna

Shops:
D:4 !


Innate Abilities, Weirdness & Mutations

You are small and have problems with some larger weapons.
You are completely attuned to the shadows.


Message History

The jelly barely misses you.
You hit the jelly. The acid corrodes you!
Your hands burn!
The jelly is lightly wounded.
The jelly closely misses you.
You hit the jelly.
Your hands burn!
The jelly is lightly wounded.
You completely miss the jelly.
The jelly is lightly wounded.
The jelly barely misses you.
You hit the jelly. The acid corrodes you!
Your hands burn!
The jelly is heavily wounded.
The jelly hits you. The acid corrodes you!
You are splashed with acid!
You hit the jelly. The acid corrodes you!
Your hands burn!
The jelly is heavily wounded.
The jelly barely misses you.
You are too injured to fight recklessly!
You are too injured to fight recklessly!
You are too injured to fight recklessly!
You are too injured to fight recklessly!
You are too injured to fight recklessly!
You are too injured to fight recklessly!
You are too injured to fight recklessly!
You are too injured to fight recklessly!
You are too injured to fight recklessly!
You hit the jelly but do no damage. The acid corrodes you!
Your hands burn!
The jelly is heavily wounded.
The jelly closely misses you.
You hit the jelly. The acid corrodes you!
Your hands burn!
The jelly is severely wounded.
You hit the jelly but do no damage. The acid corrodes you!
Your hands burn!
* * * LOW HITPOINT WARNING * * *
The jelly is severely wounded.
The jelly misses you.
You hit the jelly but do no damage. The acid corrodes you!
Your hands burn!
* * * LOW HITPOINT WARNING * * *
The jelly is severely wounded.
The jelly hits you.
* * * LOW HITPOINT WARNING * * *
The acid corrodes you!
You are splashed with acid!
You die...

#... ##
#...###....
......#....
.........#
...J@....#
#...##.†.#
#$.......#
######..##
.. #..#
#.###..##
#.........
#.........
.....?..###


You could see a jelly.

Vanquished Creatures
  A hound (D:4)
  An orc priest (D:6)
  Jessica (D:3)
  Terence (D:3)
  4 adders
  A worm (D:2)
  3 dart slugs
  An orc (D:4)
  3 endoplasms
  4 giant cockroaches
  6 goblins
  3 hobgoblins
  3 quokkas
  5 ball pythons
  6 bats
  2 frilled lizards (D:1)
  10 kobolds
  6 rats
61 creatures vanquished.

Notes
Turn   | Place    | Note
-------+----------+-------------------------------------------
     0 | D:1      | cforsyth the Kobold Brigand began the quest for the Orb.
     0 | D:1      | Reached XP level 1. HP: 12/12 MP: 1/1
   156 | D:1      | Reached XP level 2. HP: 18/18 MP: 2/2
   406 | D:1      | Reached XP level 3. HP: 19/22 MP: 3/3
   772 | D:2      | Found a shimmering blue altar of Sif Muna.
   946 | D:2      | Identified the +8 quarterstaff of Xiqasm {venom, rF+ MP+9}
  1030 | D:2      | Reached XP level 4. HP: 27/27 MP: 4/4
  1365 | D:3      | Noticed Terence
  1369 | D:3      | Killed Terence
  1370 | D:3      | Reached skill level 6 in Stealth
  1428 | D:3      | Reached XP level 5. HP: 32/32 MP: 5/5
  1645 | D:3      | Identified the +1 robe of Jakhonikh {+Blink Str+3}
  1790 | D:3      | Noticed Jessica
  1794 | D:3      | Killed Jessica
  2069 | D:4      | Found Ywnupripp's Distillery.
  2073 | D:4      | Bought a potion of degeneration for 14 gold pieces
  2562 | D:4      | You fall into a shaft and drop 3 floors!
  2563 | D:7      | Noticed a black bear
  2633 | D:6      | Reached XP level 6. HP: 38/38 MP: 6/6
  2784 | D:6      | Splashed by a jelly's acid

Illustrated notes

Levels and vault maps discovered:
D:1:      nzn_arrival_settlement, layout_rooms
D:2:      layout_rooms, basic_altar
D:3:      layout_loops_cross, uniq_jessica, uniq_terence
D:4:      layout_basic, grunt_temple_overflow_bloody_war, serial_shops, shop,
          abandoned_shop
D:6:      layout_loops_ring, minmay_temple_entry_proselytizer, uniq_sigmund
D:7:      layout_loops_ring, minmay_circle_x, uniq_crazy_yiuf_cottage

Skill      XL: |  1  2  3  4  5 |
---------------+----------------+-----
Short Blades   | 3 4 |  4.5
Dodging        | 2 3 |  3.4
Fighting       | 3 |  3.7
Stealth        | 6 |  6.6
Throwing       | |  2.1

Action                     |  1- 3 |  4- 6 || total
---------------------------+-------+-------++-------
  Melee: Dagger            |    64 |    82 ||   146
         Punch             |     1 |       ||     1
    Use: Scroll            |       |     2 ||     2
   Stab: Sleeping          |    22 |    15 ||    37
         Distracted        |     1 |       ||     1
 Armour: Robe              |     5 |     9 ||    14
  Dodge: Dodged            |    18 |    51 ||    69

Table legend: (Time is in decaauts)
 A = Elapsed time spent in this place.
 B = Non-inter-level travel time spent in this place.
 C = Inter-level travel time spent in this place.
 D = Time resting spent in this place.
 E = Time spent auto-exploring this place.
 F = Levels seen in this place.
 G = Mean time per level.
                   A        B        C        D        E       F      G
               +--------+--------+--------+--------+--------+-----+--------+
         Total |   2756 |   2721 |     35 |    146 |   2156 |   6 |  459.3 |
       Dungeon |   2756 |   2721 |     35 |    146 |   2156 |   6 |  459.3 |
               +--------+--------+--------+--------+--------+-----+--------+

Top non-repeatable levels by time:
     D:3: 755 daAuts
     D:4: 625 daAuts
     D:1: 609 daAuts
     D:2: 548 daAuts
     D:6: 172 daAuts
     D:7: 45 daAuts
